 Dungeon Crawl Stone Soup version 0.28.0 (webtiles) character file.

Game seed: 7319636527528313638

1038 Dorkslayer the Slasher (level 8, -2/55 HPs)
             Began as an Octopode Fighter on June 13, 2022.
             Slain by a sun demon (16 damage)
             ... summoned by a kobold demonologist
             ... on level 6 of the Dungeon.
             The game lasted 00:10:09 (5453 turns).

Dorkslayer the Slasher (Octopode Fighter)           Turns: 5453, Time: 00:10:10

Health: -2/55      AC:  5    Str: 18    XL:     8   Next: 24%
Magic:  8/8        EV: 13    Int: 10    God:
Gold:   288        SH:  0    Dex: 11    Spells: 7/7 levels left

rFire   + + .      SeeInvis .   c - +9 double sword of Empiozid {vamp, *Noise rF++}
rCold   . . .      Faith    .   b - +0 buckler
rNeg    . . .      Spirit   .   (helmet restricted)
rPois   .          Reflect  .   e - amulet of magic regeneration
rElec   .          Harm     .   d - +4 ring of protection
rCorr   .          Rampage  .   (no ring)
Will    .....                   (no ring)
Stlth   +++.......              (no ring)
HPRegen 0.18/turn               (no ring)
MPRegen 0.51/turn               (no ring)
                                (no ring)
                                (no ring)

@: confused, hasted, invisible, very quick
A: almost no armour, amphibious, 8 rings, camouflage 1, gelatinous body 1,
nimble swimmer 1, tentacles
a: no special abilities


You were on level 6 of the Dungeon.
You visited 1 branch of the dungeon, and saw 6 of its levels.

You collected 288 gold pieces.

Inventory:

Hand Weapons
 a - a +1 long sword of electrocution
 c - the +9 double sword of Empiozid (weapon) {vamp, *Noise rF++}
   (You acquired it on level 6 of the Dungeon)

   It occasionally heals its wielder for a portion of the damage dealt when it
   wounds a living foe.
   rF:        It greatly protects you from fire.
   *Noise:    It may make noises in combat.
Missiles
 f - 8 poisoned darts (quivered)
Armour
 b - a +0 buckler (worn)
Jewellery
 d - a +4 ring of protection (left tentacle)
 e - an amulet of magic regeneration (around mantle)
Scrolls
 h - a scroll of noise {unknown}
 k - a scroll of enchant armour {unknown}
 l - a scroll of silence {unknown}


   Skills:
 * Level 5.1 Fighting
 * Level 5.6 Long Blades
 * Level 1.4 Throwing
 * Level 4.0 Dodging
 + Level 4.6 Stealth
 + Level 3.4 Shields
 * Level 3.5 Unarmed Combat


You had 7 spell levels left.
You didn't know any spells.
Your spell library contained the following spells:

 Spells                   Type           Power      Damage    Failure   Level
 Conjure Flame            Conj/Fire      0%         6-21      83%         3
 Ignite Poison            Fire/Tmut/Pois 0%         N/A       83%         3
 Sticky Flame             Conj/Fire      0%         2d3       99%         4
 Summon Forest            Summ/Tloc      0%         N/A       100%        5
 Eringya's Noxious Bog    Tmut/Pois      0%         N/A       100%        6
 Summon Hydra             Summ           0%         N/A       100%        7


Dungeon Overview and Level Annotations

Branches:
Dungeon (6/15)
 Temple: D:4-7

Altars:
Elyvilon
Makhleb
Okawaru
Qazlal
Xom

Annotations:
D:6 Sigmund


Innate Abilities, Weirdness & Mutations

You cannot wear most types of armour.
You are amphibious.
You can wear up to eight rings at the same time.
Your skin changes colour to match your surroundings (Stealth+).
Your rubbery body absorbs attacks. (AC +1, EV +1)
You are camouflaged when in or above water. (Stealth+)
You have tentacles for arms and can constrict up to eight enemies at once.


Message History

The kobold throws a stone.
The stone hits you.
You slash the kobold!
You feel better.
You kill the kobold!
You hear a splash. x2
The kobold throws a stone.
The stone hits you but does no damage.
The kobold demonologist mumbles some strange words.
A kobold comes into view. It is wielding a +0 club.
The orange demon barely misses you.
You hear some strange, mumbled words.
A magic dart appears from out of thin air!
The magic dart hits you!
You feel yourself speed up. The orange demon stings you from afar!
Something barely misses you.
The kobold demonologist gestures wildly while chanting.
It was a potion of invisibility.
You fade into invisibility!
The kobold demonologist gestures wildly while chanting.
The kobold demonologist casts a spell.
You hear a splashing noise.
You closely miss the kobold. Your squeeze misses the kobold.
You slash the kobold!
You feel better.
You kill the kobold!
You hear a splash. x2
The kobold throws a stone.
The stone closely misses the kobold demonologist.
The stone hits you but does no damage. The smoke demon gestures at you.
Something smites you!
* * * LOW HITPOINT WARNING * * *
The kobold throws a stone.
The stone hits the kobold demonologist but does no damage.
The kobold throws a stone.
The stone closely misses you. Something hits you but does no damage.
Your Dodging skill increases to level 4!
You aren't carrying any potions.
You bump into the stone wall.
The kobold throws a stone.
The stone barely misses the kobold.
The stone hits the sun demon but does no damage.
The sun demon hits you!
You die...

#...## ### #..#..##...
..#..###...#... ....#....##
...##......##.###....<....##
............................
............................
.≈..≈.≈≈.≈≈≈≈...≈≈≈≈....≈≈≈.
≈≈≈≈≈≈≈≈≈≈≈≈≈≈≈≈≈≈3{K...≈≈≈≈
≈≈≈≈≈≈≈≈≈≈≈≈≈≈≈≈≈K≈4K....≈≈≈
≈≈≈≈≈≈≈≈≈≈≈≈≈≈≈≈@3KK5K...≈≈≈
#####################'5#####
...# ...# K.K# .... .K..'
....#.


You could see a sun demon (summoned), an orange demon (summoned), 2 kobold
demonologists, a sixfirhy (summoned), a kobold brigand, a quasit (summoned), a
white imp (summoned) and 3 kobolds.

Vanquished Creatures
  Edmund (D:5)
  An ice beast (D:6)
  An ogre (D:5)
  A phantom (D:4)
  A water moccasin zombie (D:5)
  3 wights (D:4)
  4 electric eels (D:6)
  A crimson imp (D:5)
  A hound (D:5)
  2 jellies
  Crazy Yiuf (D:5)
  An iguana (D:4)
  5 gnolls (D:6)
  3 adders
  3 worms
  3 dart slugs
  4 orcs (D:5)
  4 endoplasms
  3 giant cockroaches
  18 goblins
  8 hobgoblins
  5 ball pythons
  4 bats
  10 kobolds
  10 rats
98 creatures vanquished.

Notes
Turn   | Place    | Note
-------+----------+-------------------------------------------
     0 | D:1      | Dorkslayer the Octopode Fighter began the quest for the
                  | Orb.
     0 | D:1      | Reached XP level 1. HP: 16/16 MP: 1/1
    40 | D:1      | Found a faded altar of an unknown god.
   513 | D:1      | Reached XP level 2. HP: 12/21 MP: 2/2
  1055 | D:2      | Reached XP level 3. HP: 22/26 MP: 3/3
  1392 | D:2      | Reached skill level 1 in Unarmed Combat
  1510 | D:2      | Reached skill level 1 in Stealth
  2397 | D:3      | Found a shimmering altar of Xom.
  2515 | D:3      | Reached XP level 4. HP: 28/31 MP: 4/4
  3054 | D:4      | Reached XP level 5. HP: 37/37 MP: 5/5
  3090 | D:4      | Reached XP level 6. HP: 42/43 MP: 6/6
  3132 | D:4      | Found a white marble altar of Elyvilon.
  3210 | D:4      | Found a stormy altar of Qazlal.
  3233 | D:4      | Found an iron altar of Okawaru.
  4003 | D:5      | Entered Level 5 of the Dungeon
  4340 | D:5      | Found a burning altar of Makhleb.
  4564 | D:5      | Noticed Edmund
  4590 | D:5      | Reached XP level 7. HP: 46/49 MP: 7/7
  4591 | D:5      | Killed Edmund
  4843 | D:5      | Found a runed translucent door.
  4844 | D:5      | Noticed Crazy Yiuf
  4851 | D:5      | Killed Crazy Yiuf
  5124 | D:6      | Identified a scroll of acquirement
  5124 | D:6      | Acquired the +9 double sword of Empiozid {vamp, *Noise
                  | rF++}
  5277 | D:6      | Reached skill level 5 in Fighting
  5277 | D:6      | Reached skill level 5 in Long Blades
  5321 | D:6      | Reached skill level 1 in Throwing
  5321 | D:6      | Reached XP level 8. HP: 49/55 MP: 8/8
  5435 | D:6      | Noticed Sigmund
  5436 | D:6      | Noticed a kobold demonologist
  5443 | D:6      | Noticed an orange demon
  5443 | D:6      | Noticed a kobold demonologist
  5445 | D:6      | Noticed a sixfirhy
  5448 | D:6      | Noticed a sun demon
  5448 | D:6      | Noticed a smoke demon
  5453 | D:6      | Slain by a sun demon

Illustrated notes

Levels and vault maps discovered:
D:1:      sevenhm_arrival_forest_fort_small_3, layout_loops_ring, serial_glass,
          glass_columns_b, glass_columns_b, ebering_ecumenical_altar_sacrificial
D:2:      layout_rooms, hex_intersection
D:3:      cheibrodos_greedy_goblins, layout_basic,
          mainiacjoe_overflow_cross_hatched
D:4:      layout_basic, general_overflow_altar, mainiacjoe_overflow_swirl,
          minmay_goblin_outpost
D:5:      layout_loops_cross, makhleb_grotto_becter, uniq_crazy_yiuf_cottage,
          uniq_edmund
D:6:      minmay_goblin_kobold_castle, layout_layer_cave,
          minmay_temple_entry_junction_2, kennysheep_windowed_goal,
          uniq_sigmund, uniq_menkaure, uniq_duvessa

Skill      XL: |  1  2  3  4  5  6  7  8 |
---------------+-------------------------+-----
Unarmed Combat | 1 2 3 |  3.5
Stealth        | 1 2 3 4 |  4.6
Long Blades    | 3 4 5 |  5.6
Fighting       | 4 5 |  5.1
Throwing       | 1 |  1.4
Dodging        | 4 |  4.0
Shields        | |  3.4

Action                   |  1- 3 |  4- 6 |  7- 9 || total
-------------------------+-------+-------+-------++-------
Melee: Long sword        |    63 |    80 |     8 ||   151
       Constrict         |    15 |    13 |     6 ||    34
       Tentacles         |     9 |     9 |    10 ||    28
       Punch             |     1 |       |       ||     1
       Double sword      |       |       |    26 ||    26
Throw: Dart              |     1 |     7 |     5 ||    13
  Use: Scroll            |     5 |       |     2 ||     7
       Potion            |       |     3 |     2 ||     5
 Stab: Sleeping          |     6 |     7 |     4 ||    17
Armor: Skin              |     7 |    13 |     7 ||    27
Dodge: Dodged            |    45 |    34 |     6 ||    85
Block: Buckler           |    15 |    13 |     2 ||    30
